 Dungeon Sprint DCSS version 0.17-a0-1667-g4ca74a1 (webtiles) character file.

40111 Kidiri the Imperceptible (level 13, -22/60 HPs)
             Began as a Spriggan Enchanter on Aug 18, 2015.
             Was the Champion of Dithmenos.
             Annihilated by an alligator snapping turtle (33 damage)
             ... in the Dungeon (Sprint III: "The Ten Rune Challenge").
             The game lasted 00:15:18 (2991 turns).

Kidiri the Imperceptible (Spriggan Enchanter)       Turns: 2991, Time: 00:15:18

Health: -22/60     AC:  5    Str:  4    XL:     13   Next: 2%
Magic:  27/34      EV: 35    Int: 19    God:    Dithmenos [******]
Gold:   40         SH:  0    Dex: 19    Spells: 10 memorised, 17 levels left

rFire  . . .     SeeInvis +     a - +1 dagger
rCold  . . .     Clarity  .     l - +2 robe {Archmagi}
rNeg   . . .     SustAt   .     (shield restricted)
rPois  +         Gourm    .     (helmet restricted)
rElec  .         Spirit   .     (no cloak)
rCorr  .         Warding  .     (gloves unavailable)
rMut   .         NoTele   +     (boots unavailable)
MR     ++...                    (no amulet)
Stlth  ++++++++++               (no ring)
                                (no ring)

@: wreathed by umbra, very quick, very resistant to hostile enchantments,
uncannily stealthy
A: unfitting armour, hooves 1, thin metallic scales 1, see invisible, deformed
body, herbivore 3, speed 3, poison resistance, robust 1, slow healing 1, slow
metabolism 2
a: Shadow Step, Shadow Form, Renounce Religion
}: 1/10 runes: serpentine


You were in the Dungeon.
You worshipped Dithmenos.
Dithmenos was exalted by your worship.
You were full.

You visited 1 branch You collected 40 gold pieces.

Inventory:

Hand weapons
 a - a +1 dagger (weapon)
Armour
 l - a +2 robe of the Archmagi (worn)
Scrolls
 j - 2 scrolls of blinking
 k - 3 scrolls of remove curse
 n - 3 scrolls of torment
 o - a scroll of identify
Potions
 c - a potion of berserk rage
 e - a potion of curing
 f - a potion of heal wounds
 g - a potion of haste
 h - 2 potions of magic
 i - a potion of might
 m - a potion of agility {unknown}
 q - 4 potions of cure mutation
 r - 2 potions of flight
Comestibles
 b - 6 fruits
 d - 2 bread rations
 p - 27 royal jellies


   Skills:
 + Level 11.6 Short Blades
 * Level 19.3 Dodging
 * Level 21.0 Stealth
 * Level 16.7 Spellcasting
 + Level 8.0 Conjurations
 + Level 13.0 Hexes
 + Level 12.2 Charms
 + Level 8.9 Ice Magic
 + Level 9.6 Invocations


You had 17 spell levels left.
You knew the following spells:

 Your Spells              Type           Power        Failure   Level  Hunger
a - Corona                Hex            #######      1%          1    None
b - Ensorcelled Hibernat  Hex/Ice        ######       1%          2    None
c - Confuse               Hex            #######.     1%          3    None
d - Tukima's Dance        Hex            #######.     1%          3    None
e - Dazzling Spray        Conj/Hex       ######..     1%          3    None
f - Magic Dart            Conj           ####         1%          1    None
g - Searing Ray           Conj           ######       1%          2    None
h - Fulminant Prism       Conj/Hex       ######....   1%          4    None
i - Iskenderun's Mystic   Conj           ######..     1%          4    None
j - Iskenderun's Battles  Conj/Chrm      ######..     1%          5    ###....


Dungeon Overview and Level Annotations

Branches:
Dungeon (1/1)

Altars:
Cheibriados
Dithmenos
Elyvilon
Fedhas
Gozag
Kikubaaqudgha
Makhleb
Nemelex Xobeh
Okawaru
Qazlal
Ru
Sif Muna
Trog
Vehumet
Xom
Yredelemnul
Zin
The Shining One
Jiyva
Lugonu

Shops:
D [}!


Innate Abilities, Weirdness & Mutations

You are tiny and cannot use many weapons and most armour.
You have supernaturally acute eyesight.
You are a herbivore.
You cover ground extremely quickly.
You need consume almost no food.
You have large cloven feet.
You are partially covered in thin metallic scales (AC +2).
Armour fits poorly on your strangely shaped body.
Your system is resistant to poisons.
You are robust (+10% HP).
You heal slowly when monsters are visible.


Message History

The alligator snapping turtle hisses angrily.
Use which ability? (? or * to list)
Aiming: Shadow Step
Press: ? - help, Dir - move target cursor, f/p - alligator snapping turtle
Aim: an alligator snapping turtle (resting, umbra)
You step into the alligator snapping turtle's shadow.
The helpless alligator snapping turtle fails to defend itself.
You skewer the alligator snapping turtle like a kebab!!!!!
You kill the alligator snapping turtle!
Dithmenos accepts your kill.
Your Stealth skill increases to level 21!
Your Hexes skill increases to level 13!
You have reached level 13!
The alligator snapping turtle bites you from afar!!!
Ouch! That really hurt!
* * * LOW HITPOINT WARNING * * *
You emit a cloud of dark smoke.
The alligator snapping turtle bites you from afar!!
Ouch! That really hurt!
You die...

'#######♣ ♣♣♣♣.##..##≈≈≈≈≈≈..#
....)...♣♣ ♣...##.##.#≈≈≈≈§...#
########'♣ ♣♣.##.##.##+≈≈≈≈§####
§§.......♣ ♣..#.##...#≈≈..§§§§§
..########♣♣ ♣♣.##.##.)#≈..+#####
.........PP♣ ♣♣.##.#####...#....)
≈P..PP....P♣ ♣.....##......#♣♣♣._
#######'#############'###########
▓........§@§§▓#...........#
▓≈≈P.....§P§§▓#............
▓≈≈≈.P..P§§t§▓###########..
▓≈≈≈≈≈..≈≈≈≈≈▓##...........
▓≈≈≈≈≈≈≈≈≈≈≈≈▓#......%..%.#
▓≈≈≈≈≈≈≈≈≈≈≈≈▓#..##########
▓≈≈≈≈≈t≈≈≈≈≈≈▓#.........%.#
▓≈≈≈≈≈≈t≈≈≈≈≈▓##...%....%..
▓≈≈≈≈≈≈≈≈≈≈≈≈▓ ##########..


You could see 2 alligator snapping turtles.

Vanquished Creatures
  Rupert (D)
  A kraken (D)
  Maud (D)
  A greater naga (D)
  Snorg (D)
  A naga warrior (D)
  A centaur warrior (D)
  2 hydras (D)
  An alligator snapping turtle (D)
  2 anacondas (D)
  4 death yaks (D)
  A spriggan druid (D)
  An unseen horror (D)
  A death drake (D)
  A lindwurm (D)
  A guardian serpent (D)
  8 black mambas (D)
  2 spiny frogs (D)
  A fire drake (D)
  A komodo dragon (D)
  3 wandering mushrooms (D)
  A deep elf priest (D)
  A queen bee (D)
  8 blink frogs (D)
  3 redbacks (D)
  2 snapping turtles (D)
  A shadow (D)
  2 spriggans (D)
  A spatial vortex (D)
  2 nagas (D)
  4 water moccasins (D)
  A swamp drake (D)
  A necrophage (D)
  2 centaurs (D)
  An earth elemental (D)
  2 brain worms (D)
  A water elemental (D)
  32 killer bees (D)
  A jelly (D)
  Jessica (D)
  A wizard (D)
  A necromancer (D)
  A wolf (D)
  A kobold demonologist (D)
  3 humans (D)
  5 adders (D)
  An ooze (D)
  2 rats (D)
  A tentacle (D)
119 creatures vanquished.

Vanquished Creatures (others)
  2 draconian scorchers (D)
  2 yaktaurs (D)
  An electric eel (D)
  A fulminant prism (D)
  A fungus (D)
  5 tentacles (D)
  6 tentacle segments (D)
18 creatures vanquished.

Grand Total: 137 creatures vanquished

Notes
Turn   | Place    | Note
--------------------------------------------------------------
     0 | D        | Kidiri the Spriggan Enchanter began the quest for the Orb.
     0 | D        | Reached XP level 1. HP: 9/9 MP: 5/5
     9 | D        | Reached skill level 5 in Stealth
    33 | D        | Killed a yaktaur
    42 | D        | Noticed Jessica
    46 | D        | Killed Jessica
    46 | D        | Reached skill level 5 in Dodging
    46 | D        | Reached skill level 6 in Stealth
    46 | D        | Reached XP level 2. HP: 13/13 MP: 6/8
    46 | D        | Reached XP level 3. HP: 16/16 MP: 6/9
    50 | D        | Learned a level 2 spell: Ensorcelled Hibernation
    54 | D        | Learned a level 3 spell: Confuse
    58 | D        | Learned a level 3 spell: Tukima's Dance
    75 | D        | Noticed a wolf
    78 | D        | Killed a wolf
    78 | D        | Reached skill level 7 in Stealth
    78 | D        | Reached skill level 5 in Spellcasting
    88 | D        | Reached skill level 1 in Ice Magic
    88 | D        | Reached XP level 4. HP: 21/21 MP: 6/12
   106 | D        | Gained mutation: You are partially covered in thin metallic scales (AC +2). [potion of mutation]
   106 | D        | Gained mutation: Armour fits poorly on your strangely shaped body. [potion of mutation]
   106 | D        | Gained mutation: You heal slowly when monsters are visible. [potion of mutation]
   107 | D        | Gained mutation: You are robust (+10% HP). [potion of mutation]
   107 | D        | Gained mutation: You have large cloven feet. [potion of mutation]
   107 | D        | Gained mutation: Your system is resistant to poisons. [potion of mutation]
   144 | D        | Learned a level 3 spell: Dazzling Spray
   157 | D        | Noticed a water elemental
   258 | D        | Killed a white draconian scorcher
   283 | D        | Killed a white draconian scorcher
   456 | D        | Killed a water elemental
   456 | D        | Reached skill level 8 in Stealth
   456 | D        | Reached skill level 1 in Conjurations
   456 | D        | Reached skill level 5 in Hexes
   456 | D        | Reached XP level 5. HP: 26/26 MP: 2/14
   631 | D        | Noticed a jelly
   632 | D        | Noticed a shadow
   634 | D        | Killed a shadow
   634 | D        | Reached skill level 9 in Dodging
   634 | D        | Reached skill level 10 in Stealth
   634 | D        | Reached XP level 6. HP: 30/30 MP: 14/17
   641 | D        | Killed a jelly
   738 | D        | Found a stormy altar of Qazlal.
   738 | D        | Noticed a spatial vortex
   739 | D        | Found a sacrificial altar of Ru.
   739 | D        | Found a burning altar of Makhleb.
   739 | D        | Found a viscous altar of Jiyva.
   739 | D        | Found a shimmering altar of Xom.
   739 | D        | Found a shadowy altar of Dithmenos.
   739 | D        | Found a sparkling altar of Nemelex Xobeh.
   739 | D        | Found a corrupted altar of Lugonu.
   739 | D        | Found an opulent altar of Gozag.
   743 | D        | Became a worshipper of Dithmenos the Shadowed
   745 | D        | Killed an electric eel
   747 | D        | Killed a spatial vortex
   747 | D        | Reached skill level 5 in Short Blades
   747 | D        | Reached skill level 11 in Stealth
   747 | D        | Reached skill level 1 in Invocations
   780 | D        | Found a radiant altar of Vehumet.
   781 | D        | Found a deep blue altar of Sif Muna.
   781 | D        | Found an ancient bone altar of Kikubaaqudgha.
   781 | D        | Noticed a wizard
   783 | D        | Noticed a soul eater
   787 | D        | Killed a wizard
   790 | D        | Reached skill level 10 in Dodging
   799 | D        | Learned a level 1 spell: Magic Dart
   802 | D        | Learned a level 2 spell: Searing Ray
   807 | D        | Learned a level 4 spell: Fulminant Prism
   886 | D        | Found a glowing silver altar of Zin.
   887 | D        | Found a glowing golden altar of the Shining One.
   887 | D        | Found a white marble altar of Elyvilon.
   887 | D        | Noticed a deep elf priest
   889 | D        | Killed a deep elf priest
   889 | D        | Reached skill level 12 in Stealth
   889 | D        | Reached XP level 7. HP: 35/35 MP: 18/20
   901 | D        | Found an iron altar of Okawaru.
   902 | D        | Found a bloodstained altar of Trog.
   902 | D        | Noticed a human
   902 | D        | Noticed a human
   904 | D        | Killed a human
   905 | D        | Killed a human
   905 | D        | Acquired Dithmenos's first power
   920 | D        | Found a snail-covered altar of Cheibriados.
   920 | D        | Noticed a necrophage
   921 | D        | Found a basalt altar of Yredelemnul.
   921 | D        | Found a blossoming altar of Fedhas.
   921 | D        | Noticed a necromancer
   922 | D        | Killed a necrophage
   922 | D        | Reached XP level 8. HP: 39/39 MP: 22/22
   923 | D        | Killed a necromancer
   942 | D        | Noticed Snorg
  1000 | D        | Killed Snorg
  1000 | D        | Reached skill level 13 in Stealth
  1000 | D        | Reached skill level 10 in Spellcasting
  1166 | D        | Learned a level 4 spell: Iskenderun's Mystic Blast
  1172 | D        | Learned a level 5 spell: Iskenderun's Battlesphere
  1210 | D        | Noticed an earth elemental
  1213 | D        | Killed an earth elemental
  1220 | D        | Noticed a centaur
  1220 | D        | Noticed a centaur warrior
  1220 | D        | Noticed a centaur
  1222 | D        | Killed a centaur
  1222 | D        | Reached skill level 14 in Stealth
  1222 | D        | Reached skill level 1 in Charms
  1222 | D        | Reached XP level 9. HP: 42/42 MP: 23/25
  1224 | D        | Killed a centaur warrior
  1224 | D        | Acquired Dithmenos's second power
  1224 | D        | Reached skill level 5 in Ice Magic
  1224 | D        | Reached skill level 5 in Invocations
  1225 | D        | Killed a centaur
  1247 | D        | Noticed an unseen horror
  1249 | D        | Killed an unseen horror
  1249 | D        | Reached skill level 15 in Stealth
  1259 | D        | Noticed a killer bee
  1259 | D        | Noticed a killer bee
  1259 | D        | Noticed a killer bee
  1259 | D        | Noticed a killer bee
  1259 | D        | Noticed a killer bee
  1259 | D        | Noticed a killer bee
  1259 | D        | Noticed a killer bee
  1259 | D        | Noticed a killer bee
  1259 | D        | Noticed a killer bee
  1259 | D        | Noticed a killer bee
  1259 | D        | Noticed a killer bee
  1259 | D        | Noticed a killer bee
  1259 | D        | Noticed a killer bee
  1259 | D        | Noticed a killer bee
  1259 | D        | Noticed a killer bee
  1260 | D        | Noticed a killer bee
  1260 | D        | Noticed a killer bee
  1260 | D        | Noticed a killer bee
  1260 | D        | Noticed a killer bee
  1260 | D        | Noticed a killer bee
  1260 | D        | Noticed a killer bee
  1260 | D        | Noticed a killer bee
  1260 | D        | Noticed a killer bee
  1260 | D        | Noticed a killer bee
  1260 | D        | Noticed a killer bee
  1260 | D        | Noticed a killer bee
  1260 | D        | Noticed a killer bee
  1260 | D        | Noticed a killer bee
  1260 | D        | Noticed a killer bee
  1260 | D        | Noticed a queen bee
  1260 | D        | Noticed a killer bee
  1260 | D        | Noticed a killer bee
  1260 | D        | Noticed a killer bee
  1261 | D        | Killed a killer bee
  1264 | D        | Killed a killer bee
  1266 | D        | Killed a killer bee
  1266 | D        | Acquired Dithmenos's third power
  1268 | D        | Killed a killer bee
  1270 | D        | Killed a killer bee
  1272 | D        | Killed a killer bee
  1274 | D        | Killed a killer bee
  1274 | D        | Reached skill level 5 in Conjurations
  1276 | D        | Killed a killer bee
  1278 | D        | Killed a killer bee
  1278 | D        | Acquired Dithmenos's fourth power
  1280 | D        | Killed a killer bee
  1282 | D        | Killed a killer bee
  1284 | D        | Killed a killer bee
  1284 | D        | Reached skill level 5 in Charms
  1284 | D        | Reached XP level 10. HP: 48/48 MP: 6/27
  1286 | D        | Killed a killer bee
  1421 | D        | Killed a killer bee
  1423 | D        | Killed a killer bee
  1426 | D        | Killed a killer bee
  1428 | D        | Killed a killer bee
  1430 | D        | Killed a killer bee
  1432 | D        | Killed a killer bee
  1434 | D        | Killed a killer bee
  1436 | D        | Killed a killer bee
  1438 | D        | Killed a killer bee
  1440 | D        | Killed a killer bee
  1442 | D        | Killed a killer bee
  1447 | D        | Killed a killer bee
  1449 | D        | Killed a killer bee
  1593 | D        | Killed a killer bee
  1595 | D        | Killed a killer bee
  1597 | D        | Killed a killer bee
  1601 | D        | Killed a killer bee
  1603 | D        | Killed a killer bee
  1605 | D        | Killed a killer bee
  1607 | D        | Killed a queen bee
  1607 | D        | Reached skill level 16 in Stealth
  1689 | D        | Noticed a wandering mushroom
  1690 | D        | Noticed a wandering mushroom
  1690 | D        | Noticed a wandering mushroom
  1691 | D        | Killed a wandering mushroom
  1694 | D        | Killed a wandering mushroom
  1694 | D        | Reached skill level 10 in Hexes
  1694 | D        | Killed a wandering mushroom
  1766 | D        | Noticed a spiny frog
  1766 | D        | Noticed a komodo dragon
  1766 | D        | Noticed a spiny frog
  1769 | D        | Killed a komodo dragon
  1770 | D        | Killed a spiny frog
  1770 | D        | Reached skill level 15 in Dodging
  1795 | D        | Killed a spiny frog
  1871 | D        | Noticed a redback
  1875 | D        | Killed a redback
  1877 | D        | Noticed a brain worm
  1882 | D        | Killed a brain worm
  1916 | D        | Noticed a brain worm
  1918 | D        | Killed a brain worm
  1925 | D        | Noticed a lindwurm
  1927 | D        | Noticed a redback
  1928 | D        | Killed a lindwurm
  1928 | D        | Reached skill level 17 in Stealth
  1933 | D        | Killed a redback
  1937 | D        | Noticed a redback
  1938 | D        | Killed a redback
  1939 | D        | Noticed Maud
  1941 | D        | Killed Maud
  1941 | D        | Reached XP level 11. HP: 51/51 MP: 27/29
  1945 | D        | Noticed a seven-headed hydra
  1945 | D        | Noticed a five-headed hydra
  1947 | D        | Killed a seven-headed hydra
  1948 | D        | Killed a five-headed hydra
  1978 | D        | Noticed a death drake
  1981 | D        | Killed a death drake
  1981 | D        | Reached skill level 18 in Stealth
  1991 | D        | Found a blossoming altar of Fedhas.
  1991 | D        | Noticed a spriggan
  1991 | D        | Noticed a spriggan druid
  1991 | D        | Noticed a spriggan
  1993 | D        | Killed a spriggan druid
  1994 | D        | Killed a spriggan
  1995 | D        | Killed a spriggan
  2026 | D        | Noticed a black mamba
  2026 | D        | Noticed an anaconda
  2026 | D        | Noticed a black mamba
  2026 | D        | Noticed a black mamba
  2030 | D        | Noticed an anaconda
  2031 | D        | Killed an anaconda
  2031 | D        | Reached skill level 10 in Short Blades
  2032 | D        | Killed a black mamba
  2033 | D        | Killed a black mamba
  2045 | D        | Killed a black mamba
  2047 | D        | Killed an anaconda
  2199 | D        | Noticed a water moccasin
  2199 | D        | Noticed a black mamba
  2203 | D        | Killed a water moccasin
  2204 | D        | Killed a black mamba
  2226 | D        | Noticed a water moccasin
  2226 | D        | Noticed a water moccasin
  2226 | D        | Noticed a black mamba
  2227 | D        | Killed a water moccasin
  2228 | D        | Noticed a water moccasin
  2228 | D        | Noticed a black mamba
  2230 | D        | Killed a water moccasin
  2232 | D        | Killed a black mamba
  2232 | D        | Reached skill level 19 in Stealth
  2232 | D        | Reached skill level 10 in Charms
  2234 | D        | Killed a water moccasin
  2234 | D        | Reached skill level 15 in Spellcasting
  2235 | D        | Killed a black mamba
  2261 | D        | Noticed a naga
  2261 | D        | Noticed a naga
  2262 | D        | Noticed a naga warrior
  2262 | D        | Noticed a greater naga
  2262 | D        | Found Xewuwel's Antique Armour Shop.
  2262 | D        | Found Etrix's Gadget Shoppe.
  2262 | D        | Found Bieng's Distillery.
  2263 | D        | Killed a naga
  2264 | D        | Killed a naga
  2264 | D        | Reached XP level 12. HP: 56/56 MP: 27/32
  2266 | D        | Killed a naga warrior
  2267 | D        | Killed a greater naga
  2294 | D        | Noticed a guardian serpent
  2297 | D        | Killed a guardian serpent
  2299 | D        | Got a serpentine rune of Zot
  2343 | D        | Killed a yaktaur
  2381 | D        | Noticed a swamp drake
  2381 | D        | Noticed a fire drake
  2382 | D        | Killed a fire drake
  2384 | D        | Killed a swamp drake
  2393 | D        | Noticed a blink frog
  2393 | D        | Noticed a blink frog
  2394 | D        | Noticed a blink frog
  2394 | D        | Noticed a blink frog
  2394 | D        | Noticed a blink frog
  2395 | D        | Killed a blink frog
  2398 | D        | Killed a blink frog
  2400 | D        | Killed a blink frog
  2403 | D        | Killed a blink frog
  2406 | D        | Killed a blink frog
  2427 | D        | Noticed Rupert
  2429 | D        | Killed Rupert
  2429 | D        | Reached skill level 20 in Stealth
  2448 | D        | Noticed a death yak
  2449 | D        | Noticed a death yak
  2449 | D        | Noticed a blink frog
  2449 | D        | Noticed an azure jelly
  2449 | D        | Noticed a death yak
  2449 | D        | Noticed an azure jelly
  2449 | D        | Noticed a blink frog
  2449 | D        | Noticed a death yak
  2450 | D        | Killed a death yak
  2451 | D        | Killed a blink frog
  2452 | D        | Killed a death yak
  2453 | D        | Noticed a blink frog
  2453 | D        | Noticed a black mamba
  2454 | D        | Killed a death yak
  2456 | D        | Killed a blink frog
  2463 | D        | Killed a blink frog
  2467 | D        | Killed a death yak
  2468 | D        | Noticed an azure jelly
  2468 | D        | Noticed an azure jelly
  2473 | D        | Noticed a black mamba
  2478 | D        | Killed a black mamba
  2479 | D        | Killed a black mamba
  2684 | D        | Noticed a snapping turtle
  2686 | D        | Noticed a kraken
  2693 | D        | Killed a snapping turtle
  2727 | D        | Noticed a snapping turtle
  2739 | D        | Killed a snapping turtle
  2821 | D        | Noticed an alligator snapping turtle
  2821 | D        | Noticed an alligator snapping turtle
  2823 | D        | Killed a kraken
  2831 | D        | Noticed an alligator snapping turtle
  2985 | D        | Noticed an alligator snapping turtle
  2989 | D        | Killed an alligator snapping turtle
  2989 | D        | Reached skill level 21 in Stealth
  2989 | D        | Reached XP level 13. HP: 60/60 MP: 27/34
  2991 | D        | Annihilated by an alligator snapping turtle

Vault maps used:
D:        dungeon_sprint_mu

Action                   |  1- 3 |  4- 6 |  7- 9 | 10-12 | 13-15 || total
-------------------------+-------+-------+-------+-------+-------++-------
Melee: Dagger            |    14 |    13 |    35 |   117 |       ||   179
 Cast: Ensorcelled Hiber |     1 |     7 |    13 |    43 |       ||    64
       Confuse           |     1 |       |     2 |     4 |       ||     7
       Dazzling Spray    |       |    10 |       |    10 |       ||    20
       Iskenderun's Myst |       |       |       |     2 |       ||     2
       Iskenderun's Batt |       |       |       |     1 |       ||     1
       Fulminant Prism   |       |       |       |     1 |       ||     1
       Searing Ray       |       |       |       |     1 |       ||     1
Invok: Shadow Step       |       |       |       |    14 |       ||    14
  Use: Scroll            |       |     3 |       |       |       ||     3
       Potion            |       |     3 |       |       |       ||     3
 Stab: Sleeping          |     3 |     4 |    22 |    76 |       ||   105
       Confused          |     2 |       |     1 |     2 |       ||     5
       Invisible         |       |     1 |       |     2 |       ||     3
  Eat: Bread ration      |       |       |       |     1 |       ||     1
